 Dungeon Crawl Stone Soup version 0.22-a0-542-gce4f928 (webtiles) character file.

136 MothsLongingForFire the Ruffian (level 5, -3/53 HPs)
             Began as an Ogre Transmuter on June 24, 2018.
             Killed by nerve-wracking pain
             ... invoked by an orc priest
              (14 damage)
             ... on level 3 of the Dungeon.
             The game lasted 00:05:44 (3148 turns).

MothsLongingForFire the Ruffian (Ogre Transmuter)   Turns: 3148, Time: 00:05:44

Health: -3/53      AC:  3    Str: 14    XL:     5   Next: 19%
Magic:  5/8        EV: 10    Int: 15    God:
Gold:   122        SH:  0    Dex:  9    Spells: 2/8 levels left

rFire    . . .     SeeInvis .     - Unarmed
rCold    . . .     Gourm    .   (no shield)
rNeg     . . .     Faith    .   b - +0 robe
rPois    .         Spirit   .   (helmet restricted)
rElec    .         Reflect  .   (no cloak)
rCorr    .         Harm     .   (gloves unavailable)
MR       .....                  (boots unavailable)
Stlth    +.........             (no amulet)
HPRegen  0.17/turn              (no ring)
MPRegen  0.11/turn              (no ring)

@: appendage
A: large, unfitting armour, talons 3, tough skin 1
a: End Transformation


You were on level 3 of the Dungeon.
You were very hungry.
You had grown temporary talons.
You visited 1 branch of the dungeon, and saw 3 of its levels.

You collected 122 gold pieces.


Innate Abilities, Weirdness & Mutations

You are too large for most types of armour.
You have tough skin. (AC +1)
You have claws for feet.


   Skills:
 + Level 3.4 Fighting
 + Level 2.9 Dodging
 + Level 3.6 Unarmed Combat
 - Level 2.4 Spellcasting
 + Level 2.1 Transmutations
 + Level 0.8 Poison Magic


You had 2 spell levels left.
You knew the following spells:

 Your Spells              Type           Power        Failure   Level  Hunger
e - Beastly Appendage     Tmut           #.....       9%          1    #......
i - Spider Form           Tmut/Pois      #.........   34%         3    ###....
t - Sticks to Snakes      Tmut           #.......     14%         2    ###....

Your spell library contained the following spells:

 Spells                   Type           Power        Failure   Level  Hunger
 Blade Hands              Tmut           #.........   94%         5    ######.
 Ice Form                 Ice/Tmut       #.......     80%         4    #####..

Inventory:

Missiles
 a - 22 arrows
 c - 60 stones (quivered)
Armour
 b - a +0 robe (worn)
Jewellery
 g - a +3 ring of protection {unknown}
Scrolls
 e - a scroll of random uselessness {unknown}
 f - a scroll of identify {@r1}
 k - 2 scrolls of teleportation {@r4}
 m - a scroll of enchant armour {unknown}
Potions
 h - a potion of mutation {!q}
 n - a potion of curing {@q1}
Comestibles
 d - 4 rations {@e1}

Dungeon Overview and Level Annotations

Branches:
Dungeon (3/15)

Altars:

Annotations:
D:2 exclusion: downstairs, Natasha

....#... . #. ......#
...! ....### #..
....####. #. #
.........###..########.##
.o.#####...#.....)<.)...#
.<## #...###..))....# ###
##.###............#
.........##@......#
......<..bo..........
####...##.#######.###
#... #.# .# #... ... #
###..#... #.. ..#. .. .g


You could see an orc priest and a bat.


Message History

You punch the orc priest, but do no damage.
The orc priest hits you with a morningstar!
You hit the orc priest.
The orc priest is lightly wounded.
The orc priest calls down the wrath of Beogh upon you.
Pain shoots through your body!
You closely miss the orc priest.
The orc priest is lightly wounded.
You punch the orc priest!
The orc priest is heavily wounded.
The orc priest closely misses you.
You hit the orc priest but do no damage.
The orc priest is heavily wounded.
The orc priest hits you with a morningstar!
* * * LOW HITPOINT WARNING * * *
You completely miss the orc priest.
The orc priest is heavily wounded.
The orc priest hits you with a morningstar!
* * * LOW HITPOINT WARNING * * *
Casting: Spider Form (safe; 34% risk of failure)
Confirm with . or Enter, or press ? or * to list all spells.
Your feet morph into talons.
The orc priest hits you but does no damage.
You barely miss the orc priest. Your kick misses the orc priest.
The orc priest is heavily wounded.
You closely miss the orc priest.
The orc priest is heavily wounded.
The orc priest invokes the aid of Beogh against you.
Pain shoots through your body!
You die...

Skill      XL: |  1  2  3  4 |
---------------+-------------+-----
Dodging        | 2 |  2.9
Fighting       | 2 3 |  3.4
Unarmed Combat | 3 |  3.6
Transmutations | 2 |  2.1
Spellcasting   | |  2.4
Poison Magic   | |  0.8

Action                   |  1- 3 |  4- 6 || total
-------------------------+-------+-------++-------
Melee: Unarmed           |   127 |    95 ||   222
       Kick              |     6 |     2 ||     8
       Headbutt          |     1 |       ||     1
       Punch             |       |     2 ||     2
Throw: Stone             |     2 |     1 ||     3
 Cast: Beastly Appendage |    10 |     5 ||    15
       Sticks to Snakes  |     3 |     4 ||     7
       Spider Form       |       |     2 ||     2
  Use: Potion            |     1 |       ||     1
       Scroll            |       |     4 ||     4
 Stab: Distracted        |     1 |       ||     1
  Eat: Chunk             |     2 |     5 ||     7
Armor: Robe              |    46 |    33 ||    79
Dodge: Dodged            |    91 |    83 ||   174

Vault maps used:
D:1:      doesnt_arrival_eight_statues
D:2:      minivault_26, uniq_natasha
D:3:      gammafunk_ghost_grave, uniq_terence

Notes
Turn   | Place    | Note
-------+----------+-------------------------------------------
     0 | D:1      | MothsLongingForFire the Ogre Transmuter began the quest for the Orb.
     0 | D:1      | Reached XP level 1. HP: 19/19 MP: 3/3
   391 | D:1      | Reached skill level 2 in Dodging
   423 | D:1      | Reached XP level 2. HP: 28/28 MP: 3/5
   443 | D:1      | Reached skill level 2 in Fighting
   452 | D:1      | Reached skill level 3 in Unarmed Combat
   564 | D:1      | Learned a level 2 spell: Sticks to Snakes
  1141 | D:1      | Reached XP level 3. HP: 36/36 MP: 6/6
  1586 | D:2      | Reached XP level 4. HP: 22/44 MP: 3/7
  1694 | D:2      | Reached skill level 3 in Fighting
  2111 | D:2      | Learned a level 3 spell: Spider Form
  2254 | D:2      | Noticed Natasha
  2442 | D:2      | >>natasha
  2990 | D:2      | Reached skill level 2 in Transmutations
  3125 | D:3      | Reached XP level 5. HP: 49/53 MP: 4/8
  3148 | D:3      | Killed from afar by an orc priest

Vanquished Creatures
  An adder (D:3)
  6 gnolls
  An ooze (D:3)
  A dart slug (D:2)
  A leopard gecko (D:1)
  5 orcs (D:3)
  3 giant cockroaches
  4 goblins
  4 hobgoblins
  3 jackals (D:1)
  10 kobolds
  2 ball pythons
  7 bats
  3 frilled lizards
  A rat (D:3)
52 creatures vanquished.

Vanquished Creatures (collateral kills)
  A gnoll (D:2)
  2 giant cockroaches
  A goblin (D:1)
  A kobold (D:2)
5 creatures vanquished.

Grand Total: 57 creatures vanquished

Table legend:
 A = Turns spent in this place as a percentage of turns spent in the entire game.
 B = Non-inter-level travel turns spent in this place as a percentage of non-inter-level travel turns spent in the entire game.
 C = Inter-level travel turns spent in this place as a percentage of turns spent in this place.
 D = Turns resting spent in this place as a percentage of non-inter-level travel turns spent in this place.
 E = Turns spent auto-exploring this place as a percentage of non-inter-level travel turns spent in this place.
 F = Non-inter-level travel turns spent in this place divided by the number of levels of this place that you've seen.
                   A       B       C       D       E      F
               +-------+-------+-------+-------+-------+----------------------
         Total | 100.0 | 100.0 |   4.1 |  52.4 |  26.6 | 1006.0
       Dungeon | 100.0 | 100.0 |   4.1 |  52.4 |  26.6 | 1006.0
               +-------+-------+-------+-------+-------+----------------------

Table legend:
 A = Spawn XP
 B = Non-spawn XP
 C = Spawn XP percentage of total XP
 D = Spawn monster count
 E = Non-spawn monster count
 F = Spawn count percentage of total count
 G = Total turns spent on level
                    A         B        C        D         E        F      G
               +---------+---------+-------+---------+---------+-------+---------
         Total |       0 |     195 |   0.0 |       0 |      57 |   0.0 |  3148
               +---------+---------+-------+---------+---------+-------+---------
           D:1 |       0 |      35 |   0.0 |       0 |      20 |   0.0 |  1300
           D:2 |       0 |      85 |   0.0 |       0 |      20 |   0.0 |  1480
           D:3 |       0 |      75 |   0.0 |       0 |      17 |   0.0 |   368
               +---------+---------+-------+---------+---------+-------+---------
